 Dungeon Crawl Stone Soup version 0.30-a0-142-g7370640ec8 (webtiles) character file.

Game seed: 17948722019624753786

7585 qw the Cleaver (level 11, -4/71 HPs)
             Began as a Gargoyle Fighter on Sept 26, 2022.
             Was an Elder of Okawaru.
             Slain by Lodul
             ... wielding a +0 dire flail
              (24 damage)
             ... on level 10 of the Dungeon.
             The game lasted 00:03:55 (12149 turns).

qw the Cleaver (Gargoyle Fighter)                  Turns: 12149, Time: 00:03:56

Health: -4/71      AC: 25    Str: 24    XL:     11   Next: 17%
Magic:  14/14      EV: 12    Int:  7    God:    Okawaru [****..]
Gold:   560        SH:  6    Dex:  9    Spells: 10/10 levels left

rFire   . . .      SeeInvis .    Y - +3 war axe
rCold   . . .      Faith    .    c - +0 buckler
rNeg    + . .      Spirit   .    f - quicksilver dragon scales
rPois   inf        Reflect  .    q - +1 helmet
rElec   +          Harm     .    h - +0 cloak
rCorr   +          Rampage  .    (no gloves)
Will    +....                    (no boots)
Stlth   +++.......               (no amulet)
HPRegen 0.21/turn                g - ring of resist corrosion
MPRegen 0.14/turn                (no ring)

@: about to teleport, heroic
A: sickness immunity, AC +8, negative energy resistance 1, electricity
resistance, torment resistance 1, petrification resistance, camouflage 1, dopey
1
a: Renounce Religion, Heroism, Finesse


You were on level 10 of the Dungeon.
You worshipped Okawaru.
Okawaru was greatly pleased with you.
You visited 1 branch of the dungeon, and saw 10 of its levels.
You visited the Abyss 1 time.

You collected 638 gold pieces.
You spent 78 gold pieces at shops.


Innate Abilities, Weirdness & Mutations

You are immune to sickness and miasma.
Your stone body is resilient. (AC +8)
You are immune to poison.
You resist negative energy. (rN+)
You are resistant to electric shocks. (rElec)
You are resistant to unholy torment.
You are immune to petrification.
Your skin changes colour to match your surroundings (Stealth+).
You are dopey. (Int -2)


   Skills:
 - Level 9.0(14.0) Fighting
 + Level 11.0(16.0) Axes
 - Level 3.6(8.6) Throwing
 - Level 6.8(11.8) Armour
 - Level 2.2(7.2) Dodging
 - Level 5.0(10.0) Shields
 + Level 5.1 Invocations


You had 10 spell levels left.
You didn't know any spells.
Your spell library was empty.

Inventory:

Hand Weapons
 y - a +2 morningstar
 Y - a +3 war axe (weapon)
Missiles
 t - a boomerang
 w - 5 javelins (quivered)
Armour
 b - a +0 plate armour
 c - a +0 buckler (worn)
 f - quicksilver dragon scales (worn)
 h - a +0 cloak (worn)
 p - a +0 chain mail of fire resistance
 q - a +1 helmet (worn)
Jewellery
 g - a ring of resist corrosion (left hand)
 n - a ring of resist corrosion
Scrolls
 a - 6 scrolls of identify
Potions
 d - 3 potions of might
 i - a potion of lignification
 j - 3 potions of resistance
 k - a potion of attraction
 m - 6 potions of curing
 r - a potion of magic
 s - 2 potions of mutation
 v - a potion of haste

Dungeon Overview and Level Annotations

Branches:
Dungeon (10/15)            Temple (0/1) D:6
   Lair: D:8-11         Orc: D:9-12

Altars:
Ashenzari
Elyvilon
Nemelex Xobeh
Okawaru
Ru
Sif Muna

Shops:
D:3 !   D:5 (

Annotations:
D:2 1 runed translucent door, Crazy Yiuf
D:4 2 runed translucent doors, qw's ghost, amateur GrFi
D:10 Lodul; Maurice


Message History

The two-headed ogre is severely wounded.
The two-headed ogre hits you but does no damage.
The two-headed ogre barely misses you.
You hit the two-headed ogre but do no damage.
The two-headed ogre is severely wounded.
You slash the two-headed ogre!
The two-headed ogre is almost dead.
Your surroundings suddenly seem different.
An ogre, Maurice, an orc wizard and an orc priest come into view.
Maurice is wielding a +0 dagger of speed and carrying a wand of roots (5).
The orc priest is wielding a +2 hand axe of freezing.
An orc comes into view. It is wielding a +0 dagger.
Lodul the Thundrous comes into view.
He is wielding a +0 dire flail and carrying a wand of mindburst (9).
Lodul shouts!
You slice the ogre!!
The ogre is almost dead.
The orc wizard shouts!
You block the ogre's attack.
Maurice shouts!
The orc shouts!
The orc priest shouts!
You slice the ogre!!
You kill the ogre!
Okawaru accepts your kill.
You hear a shout!
Your base Fighting skill increases to level 9!
A centaur comes into view.
The orc priest invokes the aid of Beogh against you.
Beogh smites you!
12148 ||| READING scroll of teleportation.
As you read the scroll of teleportation, it crumbles to dust.
You feel strangely unstable.
Maurice mumbles some strange words.
Maurice puts on a burst of speed!
The ogre misses you.
12149 ||| DRINKING potion of heal wounds.
You feel much better.
The orc priest mumbles some strange prayers to Beogh against you.
Beogh smites you!
The orc wizard mumbles some strange words.
The orc wizard flickers and vanishes!
Deactivating autopickup; reactivate with Ctrl-A.
The ogre misses you. Lodul hits you with a +0 dire flail!!
You die...

...### ....### ##
..O#.....## .#
OO##......# .#
..##......# #.#
..##......## #..#
#.(##.......# #..
#...#.......#..
#.###..$...@O......
#..#)......OO......
##O.).######@.....#
##..### #{o....
##..## #o.c..
###...# ....#
###.....# .#..#
#......## #..
######.#


You could see Lodul, Maurice (swift), 2 ogres, a centaur, an orc priest and an
orc.

Vanquished Creatures
  A two-headed ogre (D:9)
  Sonja (D:10)
  Pikel (D:7)
  A necromancer (D:9)
  Prince Ribbit (D:6)
  Grinder (D:5)
  A shadow (D:9)
  2 wyverns
  Eustachio (D:6)
  6 steam dragons
  Menkaure (D:4)
  Edmund (D:6)
  A water moccasin (D:7)
  Duvessa (D:4)
  3 ice beasts
  3 orc warriors
  A sky beast (D:6)
  7 ogres
  2 centaurs
  3 lemures (D:7)
  A phantom (D:5)
  A necrophage (D:5)
  2 gnoll sergeants
  3 kobold brigands
  2 bullfrogs
  A scorpion (D:6)
  4 wights (D:9)
  Dowan (D:4)
  A howler monkey (D:8)
  5 orc priests
  A jelly (D:5)
  4 hounds
  4 iguanas (D:5)
  6 orc wizards
  A polar bear simulacrum (D:9)
  A yak simulacrum (D:9)
  6 wolf simulacra (D:9)
  A mummy (D:7)
  Robin (D:2)
  11 gnolls
  5 river rats (D:5)
  5 adders
  A shadow imp (D:5)
  3 ufetubi
  5 dart slugs
  38 orcs
  9 ball pythons
  5 bats
  8 endoplasms
  A giant cockroach (D:2)
  19 goblins
  9 hobgoblins
  16 kobolds
  3 quokkas
  2 frilled lizards (D:3)
  2 orc zombies (D:7)
  21 rats
248 creatures vanquished.

Vanquished Creatures (others)
  An orc (D:6)
  3 plants
4 creatures vanquished.

Grand Total: 252 creatures vanquished

Notes
Turn   | Place    | Note
-------+----------+-------------------------------------------
     0 | D:1      | qw the Gargoyle Fighter began the quest for the Orb.
     0 | D:1      | Reached XP level 1. HP: 14/14 MP: 1/1
     0 | D:1      | 0 ||| qw: Version: 0.2-a-10-g399e6c4
     0 | D:1      | 0 ||| qw: Game counter: 460
     0 | D:1      | 0 ||| qw: Always use a shield: true
     0 | D:1      | 0 ||| qw: God list: Okawaru
     0 | D:1      | 0 ||| qw: Allow faded altars: false
     0 | D:1      | 0 ||| qw: Do Orc after D:15 true
     0 | D:1      | 0 ||| qw: Do second Lair branch before Depths: true
     0 | D:1      | 0 ||| qw: Lair rune preference: random
     0 | D:1      | 0 ||| qw: Plans: Normal, Zot:1-4, God:TSO, Crypt, Tomb,
                  | Pan, Slime:5, Hells, Abyss, Orb
     0 | D:1      | 0 ||| PLANNING D:1-11
   110 | D:1      | Reached skill level 2 in Axes
   111 | D:1      | Found a faded altar of an unknown god.
   274 | D:1      | Reached XP level 2. HP: 14/19 MP: 2/2
   959 | D:1      | 959 ||| DROPPING +0 club.
   992 | D:1      | 992 ||| Stepping ~*~*~tactically~*~*~ (stealth).
  1000 | D:1      | Reached skill level 3 in Axes
  1015 | D:1      | Reached XP level 3. HP: 16/23 MP: 3/3
  1191 | D:1      | 1191 ||| UPGRADING to +0 cloak.
  1196 | D:1      | 1196 ||| READING 2 scrolls labelled SUINOPH AFELOE.
  1197 | D:1      | 1197 ||| READING scroll labelled ONOILOI LOGOSK.
  1200 | D:1      | 1200 ||| READING scroll labelled OCKICO USSITZ.
  1241 | D:2      | Identified the +6 whip "Emmet" {spect, Str+6}
  1243 | D:2      | 1243 ||| DROPPING +0 whip.
  1473 | D:2      | 1473 ||| Stepping ~*~*~tactically~*~*~ (stealth).
  1480 | D:2      | 1480 ||| Stepping ~*~*~tactically~*~*~ (hiding).
  1483 | D:2      | 1483 ||| Stepping ~*~*~tactically~*~*~ (hiding).
  1596 | D:2      | 1596 ||| Stepping ~*~*~tactically~*~*~ (stealth).
  1609 | D:2      | Found a sacrificial altar of Ru.
  1671 | D:2      | 1671 ||| Stepping ~*~*~tactically~*~*~ (stealth).
  1672 | D:2      | 1672 ||| Stepping ~*~*~tactically~*~*~ (stealth).
  1676 | D:2      | 1676 ||| Stepping ~*~*~tactically~*~*~ (stealth).
  1708 | D:2      | 1708 ||| Stepping ~*~*~tactically~*~*~ (stealth).
  1729 | D:2      | Noticed Robin
  1732 | D:2      | Reached XP level 4. HP: 27/28 MP: 4/4
  1739 | D:2      | Killed Robin
  1740 | D:2      | Reached skill level 4 in Axes
  1814 | D:2      | Found a runed translucent door.
  1815 | D:2      | Noticed Crazy Yiuf
  2412 | D:2      | 2412 ||| UPGRADING to quicksilver dragon scales.
  2422 | D:2      | 2422 ||| DROPPING +0 scale mail.
  2423 | D:2      | 2423 ||| UPGRADING to +0 helmet.
  2428 | D:2      | 2428 ||| UPGRADING to amulet of guardian spirit.
  2433 | D:2      | 2433 ||| READING scroll labelled PIM YWKEKISEIN.
  2434 | D:2      | 2434 ||| READING scroll labelled SYMAWU ZYRAFUE.
  2435 | D:2      | 2435 ||| DRINKING 2 black potions.
  2436 | D:2      | 2436 ||| READING 3 scrolls of identify.
  2436 | D:2      | 2436 ||| IDENTIFYING fuming pink potion
  2437 | D:2      | 2437 ||| READING 2 scrolls of identify.
  2437 | D:2      | 2437 ||| IDENTIFYING viscous black potion
  2438 | D:2      | 2438 ||| DROPPING potion of berserk rage.
  2485 | D:3      | 2485 ||| Stepping ~*~*~tactically~*~*~ (stealth).
  2632 | D:3      | Noticed a kobold brigand
  2688 | D:3      | Found Kufryuc's Distillery.
  2691 | D:3      | 2691 ||| BUYING potion of curing (39 gold).
  2691 | D:3      | Bought a potion of curing for 39 gold pieces
  2691 | D:3      | 2691 ||| BUYING potion of curing (39 gold).
  2691 | D:3      | Bought a potion of curing for 39 gold pieces
  2691 | D:3      | 2691 ||| SHOPLISTING potion of heal wounds (65 gold, have
                  | 13).
  2691 | D:3      | 2691 ||| SHOPLISTING potion of might (52 gold, have 13).
  2782 | D:3      | 2782 ||| Stepping ~*~*~tactically~*~*~ (stealth).
  2789 | D:3      | 2789 ||| FLEEEEING.
  2790 | D:3      | 2790 ||| FLEEEEING.
  2791 | D:3      | 2791 ||| FLEEEEING.
  2792 | D:3      | 2792 ||| FLEEEEING.
  2793 | D:3      | 2793 ||| FLEEEEING.
  2794 | D:3      | 2794 ||| FLEEEEING.
  2795 | D:3      | 2795 ||| FLEEEEING.
  2796 | D:3      | 2796 ||| FLEEEEING.
  2797 | D:3      | 2797 ||| FLEEEEING.
  2798 | D:3      | 2798 ||| FLEEEEING.
  2799 | D:3      | 2799 ||| FLEEEEING.
  2800 | D:3      | 2800 ||| FLEEEEING.
  2801 | D:3      | 2801 ||| FLEEEEING.
  2802 | D:3      | 2802 ||| FLEEEEING.
  2803 | D:3      | 2803 ||| FLEEEEING.
  2804 | D:3      | 2804 ||| FLEEEEING.
  2805 | D:3      | 2805 ||| FLEEEEING.
  2806 | D:3      | 2806 ||| FLEEEEING.
  2807 | D:3      | 2807 ||| FLEEEEING.
  2808 | D:3      | 2808 ||| FLEEEEING.
  3062 | D:3      | 3062 ||| Stepping ~*~*~tactically~*~*~ (stealth).
  3064 | D:3      | 3064 ||| Stepping ~*~*~tactically~*~*~ (stealth).
  3068 | D:3      | 3068 ||| Stepping ~*~*~tactically~*~*~ (stealth).
  3079 | D:3      | Reached XP level 5. HP: 26/32 MP: 3/5
  3137 | D:3      | 3137 ||| Stepping ~*~*~tactically~*~*~ (stealth).
  3184 | D:3      | 3184 ||| DROPPING +2 vorpal hand axe.
  3304 | D:3      | Killed a kobold brigand
  3305 | D:3      | Reached skill level 5 in Axes
  3365 | D:3      | 3365 ||| UPGRADING to ring of resist corrosion.
  3366 | D:3      | 3366 ||| READING scroll labelled QAIMYS ICOU.
  3367 | D:3      | 3367 ||| READING scroll labelled KYNAOG QIHOSY.
  3368 | D:3      | 3368 ||| DRINKING 2 viscous yellow potions.
  3368 | D:3      | Gained mutation: You are dopey. (Int -2) [potion of
                  | mutation]
  3368 | D:3      | Gained mutation: Your skin changes colour to match your
                  | surroundings (Stealth+). [potion of mutation]
  3369 | D:3      | 3369 ||| READING 4 scrolls of identify.
  3369 | D:3      | 3369 ||| IDENTIFYING brown potion
  3370 | D:3      | 3370 ||| READING 3 scrolls of identify.
  3370 | D:3      | 3370 ||| IDENTIFYING inky potion
  3371 | D:3      | 3371 ||| READING 2 scrolls of identify.
  3371 | D:3      | 3371 ||| IDENTIFYING golden potion
  3372 | D:3      | 3372 ||| DROPPING potion of invisibility.
  3409 | D:4      | Reached skill level 1 in Dodging
  3409 | D:4      | Reached XP level 6. HP: 31/37 MP: 4/6
  3413 | D:4      | 3413 ||| FLEEEEING.
  3414 | D:4      | 3414 ||| FLEEEEING.
  3420 | D:4      | 3420 ||| STAIRDANCE
  3471 | D:4      | 3471 ||| Stepping ~*~*~tactically~*~*~ (stealth).
  3473 | D:4      | 3473 ||| Stepping ~*~*~tactically~*~*~ (stealth).
  3477 | D:4      | 3477 ||| Stepping ~*~*~tactically~*~*~ (stealth).
  3590 | D:4      | Noticed Duvessa
  3591 | D:4      | Noticed Dowan
  3592 | D:4      | 3592 ||| Stepping ~*~*~tactically~*~*~ (stealth).
  3595 | D:4      | 3595 ||| Stepping ~*~*~tactically~*~*~ (stealth).
  3596 | D:4      | 3596 ||| Stepping ~*~*~tactically~*~*~ (stealth).
  3605 | D:4      | Killed Duvessa
  3613 | D:4      | 3613 ||| Stepping ~*~*~tactically~*~*~ (hiding).
  3620 | D:4      | HP: 8/39 [Dowan/+0 dagger (2)]
  3621 | D:4      | 3621 ||| READING 3 scrolls of teleportation.
  3622 | D:4      | 3622 ||| DRINKING potion of heal wounds.
  3706 | D:4      | Found a sparkling altar of Nemelex Xobeh.
  3805 | D:4      | Found an iron altar of Okawaru.
  3806 | D:4      | 3806 ||| PLANNING OKAWARU WORSHIP
  3813 | D:4      | Became a worshipper of Warmaster Okawaru
  3814 | D:4      | 3814 ||| PLANNING D:1-11
  3814 | D:4      | 3814 ||| REMOVING amulet of guardian spirit.
  3864 | D:4      | Found a broken altar of Ashenzari.
  4015 | D:4      | HP: 6/39 [Dowan/shard of ice (16)]
  4016 | D:4      | 4016 ||| READING 2 scrolls of teleportation.
  4018 | D:4      | Killed Dowan
  4290 | D:4      | Found a runed translucent door.
  4290 | D:4      | Noticed qw's ghost (amateur GrFi)
  4335 | D:4      | 4335 ||| READING scroll of enchant armour.
  4335 | D:4      | 4335 ||| ENCHANTING +0 helmet.
  4423 | D:4      | Found a runed translucent door.
  4546 | D:4      | Noticed Menkaure
  4547 | D:4      | 4547 ||| Stepping ~*~*~tactically~*~*~ (stealth).
  4549 | D:4      | 4549 ||| Stepping ~*~*~tactically~*~*~ (stealth).
  4551 | D:4      | 4551 ||| Stepping ~*~*~tactically~*~*~ (stealth).
  4553 | D:4      | 4553 ||| Stepping ~*~*~tactically~*~*~ (hiding).
  4563 | D:4      | Killed Menkaure
  4564 | D:4      | Reached skill level 6 in Axes
  4564 | D:4      | Reached XP level 7. HP: 36/44 MP: 7/7
  4847 | D:4      | 4847 ||| DROPPING amulet of guardian spirit.
  4848 | D:4      | 4848 ||| DROPPING +6 ring of intelligence.
  4849 | D:4      | 4849 ||| READING scroll labelled FOQIYSK FITIM.
  4850 | D:4      | 4850 ||| READING 5 scrolls of identify.
  4850 | D:4      | 4850 ||| IDENTIFYING metallic purple potion
  4851 | D:4      | 4851 ||| READING 4 scrolls of identify.
  4851 | D:4      | 4851 ||| IDENTIFYING murky red potion
  4852 | D:4      | 4852 ||| READING 3 scrolls of identify.
  4852 | D:4      | 4852 ||| IDENTIFYING red potion
  4853 | D:4      | 4853 ||| DROPPING potion of brilliance.
  4854 | D:4      | 4854 ||| DROPPING potion of flight.
  4869 | D:5      | Entered Level 5 of the Dungeon
  4929 | D:5      | Noticed Grinder
  4943 | D:5      | Killed Grinder
  4943 | D:5      | Reached * piety under Okawaru
  4944 | D:5      | Reached skill level 7 in Axes
  5113 | D:5      | 5113 ||| INVOKING Heroism.
  5118 | D:5      | Reached XP level 8. HP: 48/48 MP: 5/8
  5124 | D:5      | 5124 ||| INVOKING Heroism.
  5125 | D:5      | 5125 ||| INVOKING Heroism.
  5126 | D:5      | 5126 ||| INVOKING Heroism.
  5128 | D:5      | Reached skill level 1 in Invocations
  5308 | D:5      | Identified the +7 short sword "Uhitoplaqi" {vorpal, rCorr
                  | Int+7}
  5343 | D:5      | 5343 ||| FLEEEEING.
  5344 | D:5      | 5344 ||| FLEEEEING.
  5345 | D:5      | 5345 ||| FLEEEEING.
  5346 | D:5      | 5346 ||| FLEEEEING.
  5356 | D:5      | 5356 ||| INVOKING Heroism.
  5368 | D:5      | Reached skill level 1 in Throwing
  5369 | D:5      | Reached skill level 3 in Invocations
  5371 | D:5      | 5371 ||| INVOKING Heroism.
  5707 | D:5      | 5707 ||| INVOKING Heroism.
  6046 | D:5      | Found Hoiniat's Antique Weapon Boutique.
  6048 | D:5      | 6048 ||| Stepping ~*~*~tactically~*~*~ (hiding).
  6051 | D:5      | 6051 ||| Stepping ~*~*~tactically~*~*~ (hiding).
  6060 | D:5      | 6060 ||| INVOKING Heroism.
  6236 | D:5      | 6236 ||| READING scroll labelled YRIENGO VOLE.
  6337 | D:5      | 6337 ||| READING 2 scrolls of identify.
  6337 | D:5      | 6337 ||| IDENTIFYING glowing inky potion
  6491 | D:6      | 6491 ||| Stepping ~*~*~tactically~*~*~ (hiding).
  6495 | D:6      | 6495 ||| INVOKING Heroism.
  6496 | D:6      | 6496 ||| Stepping ~*~*~tactically~*~*~ (hiding).
  6504 | D:6      | 6504 ||| Stepping randomly (cloudy).
  6505 | D:6      | 6505 ||| Stepping randomly (cloudy).
  6516 | D:6      | Reached skill level 8 in Axes
  6520 | D:6      | 6520 ||| INVOKING Heroism.
  6559 | D:6      | 6559 ||| INVOKING Heroism.
  6707 | D:6      | Reached XP level 9. HP: 54/54 MP: 12/12
  6768 | D:6      | Noticed Edmund
  6769 | D:6      | 6769 ||| INVOKING Heroism.
  6780 | D:6      | Killed Edmund
  6781 | D:6      | Reached skill level 6 in Fighting
  6963 | D:6      | 6963 ||| INVOKING Heroism.
  6966 | D:6      | Noticed Prince Ribbit
  6969 | D:6      | 6969 ||| Stepping ~*~*~tactically~*~*~ (stealth).
  6970 | D:6      | 6970 ||| Stepping ~*~*~tactically~*~*~ (stealth).
  6971 | D:6      | 6971 ||| Stepping ~*~*~tactically~*~*~ (stealth).
  6979 | D:6      | Killed Prince Ribbit
  6979 | D:6      | Reached ** piety under Okawaru
  6980 | D:6      | Reached skill level 9 in Axes
  7183 | D:6      | Found a shimmering blue altar of Sif Muna.
  7191 | D:6      | Found a staircase to the Ecumenical Temple.
  7191 | D:6      | Noticed Eustachio
  7192 | D:6      | 7192 ||| INVOKING Heroism.
  7201 | D:6      | Killed Eustachio
  7570 | D:6      | 7570 ||| DROPPING +3 chain mail.
  7571 | D:6      | 7571 ||| DROPPING ring of flight.
  7572 | D:6      | 7572 ||| READING 2 scrolls labelled KISTRE GIATIUTE.
  7573 | D:6      | 7573 ||| READING scroll labelled WOH SEPROKEUSE.
  7574 | D:6      | 7574 ||| READING scroll labelled WAJALY PEEM.
  7575 | D:6      | 7575 ||| DROPPING scroll of immolation.
  7597 | D:7      | 7597 ||| PLANNING OSSUARY
  7881 | D:7      | 7881 ||| INVOKING Heroism.
  8096 | D:7      | Noticed Pikel
  8097 | D:7      | 8097 ||| Stepping ~*~*~tactically~*~*~ (stealth).
  8104 | D:7      | 8104 ||| Stepping ~*~*~tactically~*~*~ (stealth).
  8156 | D:7      | 8156 ||| Stepping ~*~*~tactically~*~*~ (stealth).
  8157 | D:7      | 8157 ||| Stepping ~*~*~tactically~*~*~ (stealth).
  8158 | D:7      | 8158 ||| INVOKING Heroism.
  8173 | D:7      | Killed Pikel
  8173 | D:7      | Reached *** piety under Okawaru
  8174 | D:7      | Reached skill level 6 in Armour
  8221 | D:7      | 8221 ||| RIP OSSUARY
  8310 | D:7      | 8310 ||| PLANNING D:1-11
  8451 | D:7      | 8451 ||| Stepping ~*~*~tactically~*~*~ (stealth).
  8454 | D:7      | 8454 ||| INVOKING Heroism.
  8466 | D:7      | Reached XP level 10. HP: 63/63 MP: 11/13
  8620 | D:7      | 8620 ||| Stepping ~*~*~tactically~*~*~ (stealth).
  8622 | D:7      | 8622 ||| Stepping ~*~*~tactically~*~*~ (stealth).
  8624 | D:7      | 8624 ||| Stepping ~*~*~tactically~*~*~ (stealth).
  8626 | D:7      | 8626 ||| Stepping ~*~*~tactically~*~*~ (stealth).
  8628 | D:7      | 8628 ||| Stepping ~*~*~tactically~*~*~ (stealth).
  8767 | D:8      | 8767 ||| INVOKING Heroism.
  8774 | D:8      | 8774 ||| Stepping ~*~*~tactically~*~*~ (cloud).
  8919 | D:8      | Found a white marble altar of Elyvilon.
  8932 | D:8      | Identified the +9 long sword of Zaasyah {holy, *Rage rElec
                  | rPois Dex+3}
  8934 | D:8      | 8934 ||| INVOKING Heroism.
  8959 | D:8      | 8959 ||| INVOKING Heroism.
  8988 | D:8      | 8988 ||| INVOKING Heroism.
  9404 | D:8      | 9404 ||| INVOKING Heroism.
  9406 | D:8      | 9406 ||| Stepping ~*~*~tactically~*~*~ (cloud).
  9415 | D:8      | Reached skill level 10 in Axes
  9619 | D:8      | 9619 ||| Stepping ~*~*~tactically~*~*~ (stealth).
  9621 | D:8      | 9621 ||| Stepping ~*~*~tactically~*~*~ (stealth).
  9623 | D:8      | 9623 ||| INVOKING Heroism.
  9730 | D:8      | 9730 ||| DROPPING ring of wizardry.
  9731 | D:8      | 9731 ||| READING 2 scrolls labelled PACOSS BYSM.
  9732 | D:8      | 9732 ||| DROPPING scroll of amnesia.
  9768 | D:9      | Found a flagged portal.
  9769 | D:9      | 9769 ||| INVOKING Heroism.
  9815 | D:9      | Found a sacrificial altar of Ru.
  9825 | D:9      | 9825 ||| READING 2 scrolls of teleportation.
  9828 | D:9      | 9828 ||| FLEEEEING.
  9854 | D:9      | 9854 ||| INVOKING Heroism.
  9913 | D:9      | 9913 ||| Stepping ~*~*~tactically~*~*~ (stealth).
  9914 | D:9      | 9914 ||| Stepping ~*~*~tactically~*~*~ (stealth).
  9917 | D:9      | 9917 ||| Stepping ~*~*~tactically~*~*~ (stealth).
  9919 | D:9      | 9919 ||| Stepping ~*~*~tactically~*~*~ (hiding).
  9927 | D:9      | 9927 ||| INVOKING Heroism.
  9965 | D:9      | 9965 ||| READING scroll of enchant weapon.
  9965 | D:9      | 9965 ||| ENCHANTING +1 war axe.
 10036 | D:9      | 10036 ||| Stepping ~*~*~tactically~*~*~ (hiding).
 10138 | D:9      | 10138 ||| Stepping ~*~*~tactically~*~*~ (cloud).
 10151 | D:9      | 10151 ||| INVOKING Heroism.
 10159 | D:9      | 10159 ||| Stepping ~*~*~tactically~*~*~ (cloud).
 10428 | D:9      | Noticed a two-headed ogre
 10429 | D:9      | 10429 ||| INVOKING Heroism.
 10435 | D:9      | Killed a two-headed ogre
 10501 | D:9      | 10501 ||| INVOKING Heroism.
 10544 | D:9      | Noticed a necromancer
 10545 | D:9      | 10545 ||| Stepping ~*~*~tactically~*~*~ (stealth).
 10547 | D:9      | 10547 ||| Stepping ~*~*~tactically~*~*~ (hiding).
 10563 | D:9      | Killed a necromancer
 10564 | D:9      | Reached skill level 3 in Throwing
 10567 | D:9      | 10567 ||| FLEEEEING.
 10568 | D:9      | 10568 ||| FLEEEEING.
 10598 | D:9      | Reached **** piety under Okawaru
 10784 | D:9      | 10784 ||| Stepping ~*~*~tactically~*~*~ (hiding).
 10886 | D:9      | 10886 ||| INVOKING Heroism.
 10887 | D:9      | 10887 ||| Stepping ~*~*~tactically~*~*~ (cloud).
 10889 | D:9      | 10889 ||| DROPPING amulet of faith.
 11050 | D:9      | 11050 ||| INVOKING Heroism.
 11229 | D:9      | 11229 ||| READING scroll of enchant weapon.
 11229 | D:9      | 11229 ||| ENCHANTING +2 war axe.
 11443 | D:9      | 11443 ||| Stepping ~*~*~tactically~*~*~ (stealth).
 11445 | D:9      | 11445 ||| Stepping ~*~*~tactically~*~*~ (stealth).
 11492 | D:9      | 11492 ||| DROPPING +6 whip "Emmet" {spect, Str+6}.
 11591 | D:9      | 11591 ||| READING scroll labelled IREDWU TATSOPT.
 11592 | D:9      | 11592 ||| DRINKING 2 glowing blue potions.
 11693 | D:9      | 11693 ||| DROPPING potion of ambrosia.
 11721 | D:10     | Entered Level 10 of the Dungeon
 11722 | D:10     | Identified the +0 leather armour of Plog {+Blink Int+7}
 11734 | D:10     | Noticed Sonja
 11735 | D:10     | 11735 ||| Stepping ~*~*~tactically~*~*~ (stealth).
 11741 | D:10     | 11741 ||| INVOKING Heroism.
 11747 | Abyss:2  | Cast into level 2 of the Abyss (Sonja)
 11755 | Abyss:2  | 11755 ||| Stepping ~*~*~tactically~*~*~ (stealth).
 11758 | Abyss:2  | 11758 ||| Stepping ~*~*~tactically~*~*~ (stealth).
 11759 | Abyss:2  | 11759 ||| Stepping ~*~*~tactically~*~*~ (stealth).
 11761 | Abyss:2  | 11761 ||| Stepping ~*~*~tactically~*~*~ (stealth).
 11770 | D:10     | Escaped the Abyss
 11771 | D:10     | 11771 ||| INVOKING Heroism.
 11777 | D:10     | Reached XP level 11. HP: 63/69 MP: 11/14
 11792 | D:10     | HP: 13/69 [Sonja/+1 dagger of distortion (23)]
 11793 | D:10     | 11793 ||| DRINKING 3 potions of heal wounds.
 11794 | D:10     | 11794 ||| INVOKING Heroism.
 11799 | D:10     | Killed Sonja
 11800 | D:10     | Reached skill level 11 in Axes
 12071 | D:10     | 12071 ||| Stepping ~*~*~tactically~*~*~ (stealth).
 12073 | D:10     | 12073 ||| Stepping ~*~*~tactically~*~*~ (stealth).
 12075 | D:10     | 12075 ||| Stepping ~*~*~tactically~*~*~ (stealth).
 12114 | D:10     | Noticed a two-headed ogre
 12115 | D:10     | 12115 ||| Stepping ~*~*~tactically~*~*~ (stealth).
 12117 | D:10     | 12117 ||| Stepping ~*~*~tactically~*~*~ (stealth).
 12119 | D:10     | 12119 ||| Stepping ~*~*~tactically~*~*~ (stealth).
 12125 | D:10     | 12125 ||| INVOKING Heroism.
 12136 | D:10     | 12136 ||| Stepping ~*~*~tactically~*~*~ (stealth).
 12138 | D:10     | HP: 15/69 [two-headed ogre/+0 giant spiked club (23)]
 12139 | D:10     | 12139 ||| READING 2 scrolls of teleportation.
 12139 | D:10     | HP: 5/69 [two-headed ogre/+0 giant spiked club (6)]
 12140 | D:10     | 12140 ||| DRINKING 2 potions of heal wounds.
 12143 | D:10     | Noticed Maurice
 12144 | D:10     | Noticed Lodul
 12147 | D:10     | Reached skill level 9 in Fighting
 12147 | D:10     | HP: 11/71 [orc priest/divine providence (14)]
 12148 | D:10     | 12148 ||| READING scroll of teleportation.
 12149 | D:10     | 12149 ||| DRINKING potion of heal wounds.
 12149 | D:10     | Slain by Lodul

Levels and vault maps discovered:
D:1:      psy_arrival_wood_between_worlds, layout_basic,
          shapermc_ecumenical_altar_starsandcircs
D:2:      layout_basic, basic_altar, minmay_tetromino_l2, uniq_robin,
          uniq_crazy_yiuf_cottage
D:3:      cheibrodos_thug_alley, layout_loops_ring, serial_shops,
          nicolae_shop_behind_doors
D:4:      layout_basic, lemuel_coloured_pillars_altar,
          okawaru_altar_gauntlet_db, mainiacjoe_overflow_chevrons,
          ebering_ghost_sewer_f, uniq_duvessa, uniq_menkaure
D:5:      layout_cave_pods, serial_shops, nicolae_stop_n_shop_2,
          minmay_misc_feat_chi, dk_rats_in_the_wall, uniq_grinder
D:6:      layout_basic, nicolae_sif_muna_little_library,
          minmay_temple_entry_grid, uniq_edmund, uniq_prince_ribbit1,
          uniq_eustachio
D:7:      layout_rooms, nicolae_ossuary_entry_giza, nicolae_titane, uniq_pikel
D:8:      layout_layer_cave, mainiacjoe_overflow_brackets
D:9:      layout_basic, amcnicky_altar_gilded, enter_bailey_5,
          eino_house_with_fridge
D:10:     layout_layer_cave, nicolae_shop_clearance, uniq_urug, uniq_sonja,
          uniq_lodul, uniq_maurice

Skill      XL: |  1  2  3  4  5  6  7  8  9 10 11 |
---------------+----------------------------------+-----
Axes           | 2 3 4 5 6 7 8 9 10 11 | 11.0
Dodging        | 1 2 |  2.2
Fighting       | 4 5 7 8 9 |  9.0
Invocations    | 4 5 |  5.1
Throwing       | 1 3 |  3.6
Armour         | 4 6 |  6.8
Shields        | 4 5 |  5.0

Action                   |  1- 3 |  4- 6 |  7- 9 | 10-12 || total
-------------------------+-------+-------+-------+-------++-------
Melee: War axe           |    90 |   126 |   258 |   201 ||   675
Throw: Boomerang         |    23 |    22 |    32 |    12 ||    89
       Javelin           |       |       |       |    16 ||    16
Invok: Heroism           |       |       |    15 |    18 ||    33
  Use: Scroll            |     3 |    12 |     9 |     7 ||    31
       Potion            |       |     3 |       |     4 ||     7
 Stab: Distracted        |       |       |       |     1 ||     1
Armor: Scale mail        |    42 |     4 |       |       ||    46
       Quicksilver drago |       |    54 |   142 |    93 ||   289
Dodge: Dodged            |    48 |    62 |   124 |    94 ||   328
Block: Buckler           |    11 |    28 |    63 |    52 ||   154

Table legend:
 A = Non-vault XP
 B = Vault XP
 C = Vault XP percentage of total XP
 D = Non-vault monster count
 E = Vault monster count
 F = Vault count percentage of total count
                 A         B        C        D         E       F
            +---------+---------+-------+---------+---------+-------
      Total |    6292 |    4544 |  41.9 |     166 |      79 |  32.2
            +---------+---------+-------+---------+---------+-------
        D:1 |      35 |       0 |   0.0 |      21 |       0 |   0.0
        D:2 |      39 |      40 |  50.6 |      13 |      14 |  51.9
        D:3 |      66 |      98 |  59.8 |      16 |       7 |  30.4
        D:4 |      59 |     417 |  87.6 |       8 |       9 |  52.9
        D:5 |     834 |     338 |  28.8 |      24 |      22 |  47.8
        D:6 |     833 |     645 |  43.6 |      23 |       3 |  11.5
        D:7 |     602 |     671 |  52.7 |      14 |       4 |  22.2
        D:8 |    1120 |       0 |   0.0 |      17 |       0 |   0.0
        D:9 |    2464 |     843 |  25.5 |      20 |      13 |  39.4
       D:10 |     240 |    1492 |  86.1 |      10 |       7 |  41.2
            +---------+---------+-------+---------+---------+-------
